 Dungeon Crawl Stone Soup version 0.31.0-11-ge490571c62 (webtiles) character file.

Game seed: 15398290365184256656

2709 ssalbiz the Destroyer (level 9, -17/66 HPs)
             Began as a Gnoll Conjurer on Jan 30, 2024.
             Was a Believer of Vehumet.
             Demolished by a boulder beetle (23 damage)
             ... on level 6 of the Dungeon.
             The game lasted 00:13:49 (5314 turns).

ssalbiz the Destroyer (Gnoll Conjurer)              Turns: 5314, Time: 00:13:50

Health: -17/66     AC:  7    Str:  7    XL:     9   Next: 66%
Magic:  2/19       EV: 14    Int: 21    God:    Vehumet [**....]
Gold:   576        SH:  0    Dex: 11    Spells: 9/21 levels left

rFire   + . .        D - +7 hand axe "Goblinslayer" {venom, rN+ Stlth+}
rCold   . . .        (no shield)
rNeg    + . .        a - +0 robe
rPois   .            (no helmet)
rElec   .            A - scarf {rC+ rF+}
rCorr   .            (no gloves)
SInv    .            t - +0 pair of boots {rampage}
Will    +....        r - amulet of the acrobat
Stlth   ++++         p - ring of willpower
HPRegen 0.31/turn    s - +4 ring of protection
MPRegen 0.16/turn

%: acrobat, rampage
@: studying Maces & Flails
A: fangs 1, strong nose, distributed training, cold vulnerability 1, MP-powered
wands
a: Renounce Religion


You were on level 6 of the Dungeon.
You worshipped Vehumet.
Vehumet was pleased with you.
You visited 2 branches of the dungeon, and saw 7 of its levels.
You also visited: Sewer and Ossuary.

You collected 576 gold pieces.

Inventory:

Hand Weapons
 B - a +3 dagger
 D - the +7 hand axe "Goblinslayer" (weapon) {venom, rN+ Stlth+}
   (You found it on level 5 of the Dungeon)

   rN+:       It protects you from negative energy.
   Stlth+:    It makes you more stealthy.
Armour
 a - a +0 robe (worn)
 t - a +0 pair of boots of rampaging (worn)
 A - a scarf of resistance (worn)
Jewellery
 p - a ring of willpower (left hand)
 r - an amulet of the acrobat (around neck)
 s - a +4 ring of protection (right hand)
 x - a ring of protection from fire
 C - a ring of positive energy
Talismans
 n - a flux talisman
 E - a talisman of death
Wands
 y - a wand of flame (54)
 I - a wand of mindburst (2)
Scrolls
 c - a scroll of fog {unknown}
 d - 2 scrolls of vulnerability {unknown}
 e - 5 scrolls of teleportation {unknown}
 h - 3 scrolls of fear {unknown}
 k - 2 scrolls of amnesia {unknown}
 o - a scroll of acquirement {unknown}
 u - 4 scrolls of identify {unknown}
 w - 2 scrolls of torment {unknown}
 F - 3 scrolls of silence {unknown}
 J - a scroll of enchant weapon {unknown}
Potions
 b - 2 potions of magic
 f - 2 potions of mutation
 g - a potion of brilliance {unknown}
 i - 3 potions of heal wounds {unknown}
 j - 2 potions of ambrosia {unknown}
 l - 4 potions of curing {unknown}
 m - a potion of degeneration {unknown}
 q - 2 potions of attraction {unknown}
 v - a potion of enlightenment {unknown}
 z - 2 potions of invisibility {unknown}
 G - a potion of might {unknown}
 H - a potion of experience {unknown}
 K - 2 potions of cancellation {unknown}


   Skills:
 + Level 4.6 Fighting
 + Level 4.6 Short Blades
 + Level 4.6 Long Blades
 + Level 4.6 Axes
 + Level 6.2 Maces & Flails
 + Level 4.6 Polearms
 + Level 4.6 Staves
 + Level 4.6 Ranged Weapons
 + Level 4.6 Throwing
 + Level 4.6 Armour
 + Level 6.6 Dodging
 + Level 6.3 Stealth
 + Level 4.6 Shields
 + Level 4.6 Unarmed Combat
 + Level 6.9 Spellcasting
 + Level 8.1 Conjurations
 + Level 3.8 Hexes
 + Level 3.8 Summonings
 + Level 3.8 Necromancy
 + Level 3.8 Translocations
 + Level 3.8 Fire Magic
 + Level 3.8 Ice Magic
 + Level 3.8 Air Magic
 + Level 3.8 Earth Magic
 + Level 3.8 Alchemy
 + Level 5.1 Invocations
 + Level 4.6 Evocations
 + Level 4.2 Shapeshifting


You had 9 spell levels left.
You knew the following spells:

 Your Spells              Type           Power      Damage    Failure   Level
a - Magic Dart            Conj           100%       1d8       1%          1
b - Searing Ray           Conj           82%        2d7       1%          2
c - Fulminant Prism       Conj/Alch      16%        3d10      8%          4
d - Iskenderun's Mystic   Conj/Tloc      32%        2d8       8%          4
e - Foxfire               Conj/Fire      100%       2x1d9     1%          1

Your spell library contained the following spells:

 Spells                   Type           Power      Damage    Failure   Level
 Shock                    Conj/Air       100%       1d9       1%          1
 Slow                     Hex            92%        N/A       1%          1
 Confusing Touch          Hex            23%        N/A       5%          3
 Sigil of Binding         Hex            23%        N/A       5%          3
 Swiftness                Air            23%        N/A       5%          3
 Vampiric Draining        Necr           23%        2d7       5%          3
 Airstrike                Air            11%        2d(2-18)  19%         4


Dungeon Overview and Level Annotations

Branches:
Dungeon (6/15)             Temple (1/1) D:4           Sewer (visited)
Ossuary (visited)

Altars:
Ashenzari
Fedhas
Gozag
Hepliaklqana
Kikubaaqudgha
Makhleb
Nemelex Xobeh
Okawaru
Qazlal
Ru
Sif Muna
Trog
Vehumet
Wu Jian
Xom
Zin
The Shining One

Annotations:
D:5 1 runed translucent door, exclusion: door, Crazy Yiuf


Innate Abilities, Weirdness & Mutations

You have very sharp teeth.
Your uncanny sense of smell can sniff out nearby items.
Your experience applies equally to all skills.
You are vulnerable to cold. (rC-)
You expend magic power (3 MP) to strengthen your wands.


Message History

Press: ? - help, Shift-Dir - straight line, f/p - Pikel
Aim: Pikel, wielding a +2 whip of flaming and wearing a +0 robe (severely wounded, 77% to hit)
The searing ray hits Pikel!
Pikel is almost dead.
The searing ray hits the lemure!
The lemure is moderately wounded. (Press . to maintain the ray.) Without enough magic to sustain it, your searing ray dissipates.
Pikel completely misses you.
The boulder beetle curls into a ball and begins rolling!
Casting: Searing Ray (safe; 1% risk of failure)
Confirm with . or Enter, or press ? or * to list all spells.
You don't have enough magic to cast this spell.
Unknown command.
Casting: Searing Ray (safe; 1% risk of failure)
Confirm with . or Enter, or press ? or * to list all spells.
You don't have enough magic to cast this spell.
Aiming: Mindburst
Press: ? - help, Shift-Dir - straight line, f/p - Pikel
Aim: Pikel, wielding a +2 whip of flaming and wearing a +0 robe (almost dead, chance to affect: 80%) Pikel's mind is blasted!!
You blow up Pikel!
Vehumet accepts your kill.
With Pikel's spell broken, his former minions thank you for their freedom.
The lemure departs this earthly plane. x2; The orc hits you with a +0 hand axe.
Your Maces & Flails skill increases to level 6!
Your Invocations skill increases to level 5!
Your Shapeshifting skill increases to level 4!
Unknown command.
Unknown command.
The orc attacks as it pursues you! The orc completely misses you.
The boulder beetle hits you!!
* * * LOW HITPOINT WARNING * * *
The boulder beetle stops rolling and uncurls.
Okay, then.
It was a potion of mutation.
You feel extremely strange.
You feel vulnerable to cold.
You feel your magical essence link to the dungeon's wands.
The boulder beetle bites you!!
You die...

...........#####..###'###[.
...........# #.....##.##...
.........## ##......###.)..
....<....#####..##....#..#..
...........#.#...##....(....
.............#....#.........
...?.).......#.......$......
.........°o.................
......)...B@##..##~≈~~~##...
......>.....# #.##~~~~≈##...
............###.~≈.....≈~.#.
.............##.~~.....~≈...
................~......~~.##
..............†.≈≈.....~~.#
................≈~.....≈~.#
#..........#....##~~†~~##...
.........###....##≈~.~~# ...


You could see a boulder beetle and an orc.

Vanquished Creatures
  Pikel (D:6)
  Jeremiah (D:6)
  2 water moccasins
  A sky beast (D:6)
  An ogre (D:5)
  2 centaurs (D:4)
  2 lemures (D:5)
  A phantom (Sewer)
  2 kobold brigands (Sewer)
  An elf zombie (Ossuary)
  A weeping skull (Ossuary)
  Blork the orc (D:6)
  2 bullfrogs (D:6)
  3 scorpions (D:5)
  A burial acolyte (Ossuary)
  A bombardier beetle (D:5)
  2 human zombies (Ossuary)
  2 hounds
  2 jellies
  A gnoll bouda (D:5)
  2 sleepcaps (D:6)
  2 iguanas
  Terence (D:2)
  2 orc wizards
  A hound zombie (Ossuary)
  3 mummies
  4 gnolls (D:5)
  An adder (D:3)
  2 shadow imps (Sewer)
  2 white imps (D:5)
  2 dart slugs
  10 orcs
  7 bats
  9 endoplasms
  3 giant cockroaches
  6 goblins
  8 hobgoblins
  19 kobolds
  4 quokkas
  5 ball pythons
  3 frilled lizards (D:1)
  A giant cockroach zombie (Sewer)
  4 kobold zombies
  2 rats (D:1)
133 creatures vanquished.

Notes
Turn   | Place    | Note
-------+----------+-------------------------------------------
     0 | D:1      | ssalbiz the Gnoll Conjurer began the quest for the Orb.
     0 | D:1      | Reached XP level 1. HP: 13/13 MP: 6/6
   179 | D:1      | Reached XP level 2. HP: 19/20 MP: 3/7
   239 | D:1      | Found a faded altar of an unknown god.
   697 | D:1      | Reached skill level 5 in Spellcasting
   697 | D:1      | Reached XP level 3. HP: 25/25 MP: 6/9
   947 | D:2      | Noticed Terence
   992 | D:2      | You fall into a shaft and drop 1 floor!
   996 | D:3      | Learned a level 2 spell: Searing Ray
  1133 | D:3      | Reached skill level 1 in Invocations
  1166 | D:3      | Reached skill level 1 in Fighting
  1166 | D:3      | Reached skill level 1 in Short Blades
  1166 | D:3      | Reached skill level 1 in Long Blades
  1166 | D:3      | Reached skill level 1 in Axes
  1166 | D:3      | Reached skill level 1 in Maces & Flails
  1166 | D:3      | Reached skill level 1 in Polearms
  1166 | D:3      | Reached skill level 1 in Staves
  1166 | D:3      | Reached skill level 1 in Ranged Weapons
  1166 | D:3      | Reached skill level 1 in Throwing
  1166 | D:3      | Reached skill level 1 in Armour
  1166 | D:3      | Reached skill level 1 in Shields
  1166 | D:3      | Reached skill level 1 in Unarmed Combat
  1166 | D:3      | Reached skill level 1 in Evocations
  1166 | D:3      | Reached skill level 1 in Shapeshifting
  1166 | D:3      | Reached XP level 4. HP: 32/32 MP: 4/11
  1490 | D:2      | Killed Terence
  1491 | D:2      | Reached skill level 1 in Hexes
  1491 | D:2      | Reached skill level 1 in Summonings
  1491 | D:2      | Reached skill level 1 in Necromancy
  1491 | D:2      | Reached skill level 1 in Translocations
  1491 | D:2      | Reached skill level 1 in Fire Magic
  1491 | D:2      | Reached skill level 1 in Ice Magic
  1491 | D:2      | Reached skill level 1 in Air Magic
  1491 | D:2      | Reached skill level 1 in Earth Magic
  1491 | D:2      | Reached skill level 1 in Alchemy
  2270 | D:4      | Reached XP level 5. HP: 37/37 MP: 5/12
  2773 | D:4      | Found a staircase to the Ecumenical Temple.
  2804 | Temple   | Entered the Ecumenical Temple
  2880 | D:4      | Found a glowing silver altar of Zin.
  2885 | D:4      | Found a broken altar of Ashenzari.
  2885 | D:4      | Found a sacrificial altar of Ru.
  2896 | D:4      | Found a stormy altar of Qazlal.
  2899 | D:4      | Found a radiant altar of Vehumet.
  2906 | D:4      | Became a worshipper of Vehumet
  3068 | D:4      | Noticed a centaur
  3068 | D:4      | Noticed a centaur
  3076 | D:4      | Killed a centaur
  3077 | D:4      | Reached skill level 5 in Dodging
  3077 | D:4      | Reached XP level 6. HP: 29/44 MP: 4/14
  3384 | D:5      | Entered Level 5 of the Dungeon
  3428 | D:5      | Reached XP level 7. HP: 50/50 MP: 6/15
  3610 | D:4      | Reached skill level 5 in Stealth
  3865 | D:5      | Identified the +7 hand axe "Goblinslayer" {venom, rN+
                  | Stlth+}
  4026 | D:5      | Reached XP level 8. HP: 58/58 MP: 7/16
  4119 | D:5      | Found a bloodstained altar of Trog.
  4123 | D:5      | Found a shimmering blue altar of Sif Muna.
  4416 | D:5      | Found a runed translucent door.
  4417 | D:5      | Noticed Crazy Yiuf
  4425 | D:5      | Learned a level 4 spell: Fulminant Prism
  4430 | D:5      | Learned a level 4 spell: Iskenderun's Mystic Blast
  4452 | D:6      | Reached * piety under Vehumet
  4452 | D:6      | Offered knowledge of Sting by Vehumet.
  4467 | D:6      | Found a burning altar of Makhleb.
  4507 | D:6      | Noticed Jeremiah
  4519 | D:6      | Killed Jeremiah
  4529 | D:6      | Found a sand-covered staircase.
  4536 | Ossuary  | Entered an ossuary
  4536 | Ossuary  | Found a huge runed translucent gate.
  4536 | Ossuary  | Found a huge runed translucent gate.
  4536 | Ossuary  | Found a huge runed translucent gate.
  4536 | Ossuary  | Found a huge runed translucent gate.
  4536 | Ossuary  | Found a huge runed translucent gate.
  4536 | Ossuary  | Found a huge runed translucent gate.
  4536 | Ossuary  | Found a huge runed translucent gate.
  4536 | Ossuary  | Found a huge runed translucent gate.
  4688 | Ossuary  | Found a huge runed translucent gate.
  4688 | Ossuary  | Found a huge runed translucent gate.
  4688 | Ossuary  | Found a huge runed translucent gate.
  4689 | Ossuary  | Found a huge runed translucent gate.
  4689 | Ossuary  | Found a huge runed translucent gate.
  4691 | Ossuary  | Found a huge runed translucent gate.
  4691 | Ossuary  | Found a huge runed translucent gate.
  4719 | Ossuary  | Reached skill level 5 in Maces & Flails
  4759 | Ossuary  | Found a huge runed translucent gate.
  4759 | Ossuary  | Found a huge runed translucent gate.
  4759 | Ossuary  | Found a huge runed translucent gate.
  4759 | Ossuary  | Found a huge runed translucent gate.
  4759 | Ossuary  | Found a huge runed translucent gate.
  4760 | Ossuary  | Found a huge runed translucent gate.
  4760 | Ossuary  | Found a huge runed translucent gate.
  4762 | Ossuary  | Found a huge runed translucent gate.
  4762 | Ossuary  | Found a huge runed translucent gate.
  4763 | Ossuary  | Found a huge runed translucent gate.
  4763 | Ossuary  | Found a huge runed translucent gate.
  4764 | Ossuary  | Found a huge runed translucent gate.
  4764 | Ossuary  | Found a huge runed translucent gate.
  4769 | Ossuary  | Found a huge runed translucent gate.
  4769 | Ossuary  | Found a huge runed translucent gate.
  4785 | Ossuary  | Found a huge runed translucent gate.
  4785 | Ossuary  | Found a huge runed translucent gate.
  4785 | Ossuary  | Found a huge runed translucent gate.
  4785 | Ossuary  | Found a huge runed translucent gate.
  4785 | Ossuary  | Found a huge runed translucent gate.
  4815 | Ossuary  | Reached XP level 9. HP: 58/65 MP: 8/18
  4982 | D:6      | Found a glowing drain.
  4992 | Sewer    | Entered a sewer
  5078 | Sewer    | Found an ancient bone altar of Kikubaaqudgha.
  5086 | Sewer    | Reached skill level 8 in Conjurations
  5111 | Sewer    | Offered knowledge of Foxfire by Vehumet.
  5114 | Sewer    | Learned a level 1 spell: Foxfire
  5189 | Sewer    | Reached ** piety under Vehumet
  5289 | D:6      | Noticed a boulder beetle
  5289 | D:6      | Noticed Blork the orc
  5294 | D:6      | Noticed Pikel
  5299 | D:6      | Killed Blork the orc
  5309 | D:6      | Killed Pikel
  5310 | D:6      | Reached skill level 5 in Invocations
  5314 | D:6      | Gained mutation: You are vulnerable to cold. (rC-) [potion
                  | of mutation]
  5314 | D:6      | Gained mutation: You expend magic power (3 MP) to
                  | strengthen your wands. [potion of mutation]
  5314 | D:6      | Demolished by a boulder beetle

Illustrated notes

Levels and vault maps discovered:
D:1:      saegor_arrival_fortress, layout_basic,
          chequers_ecumenical_altar_simple, minivault_24
D:2:      layout_basic, uniq_terence
D:3:      layout_rooms
D:4:      layout_basic, minmay_overflow_temple_star_hex,
          minmay_temple_entry_glass, st_stairs_2, minmay_manual_mares
D:5:      layout_rooms, hellmonk_overflow_destroyed_library,
          uniq_crazy_yiuf_cottage
D:6:      layout_cave_pools, overflow_temple_1_default,
          cheibrodos_sewer_entry_sluice, nicolae_ossuary_entry_giza,
          kennysheep_generic_room_9, uniq_blork_the_orc, uniq_jeremiah,
          uniq_pikel
Temple:   hellmonk_temple_rainy

Skill      XL: |  1  2  3  4  5  6  7  8  9 |
---------------+----------------------------+-----
Spellcasting   | 5 6 |  6.9
Invocations    | 1 2 3 4 5 |  5.1
Fighting       | 1 2 3 4 |  4.6
Short Blades   | 1 2 3 4 |  4.6
Long Blades    | 1 2 3 4 |  4.6
Axes           | 1 2 3 4 |  4.6
Maces & Flails | 1 2 3 5 6 |  6.2
Polearms       | 1 2 3 4 |  4.6
Staves         | 1 2 3 4 |  4.6
Ranged Weapons | 1 2 3 4 |  4.6
Throwing       | 1 2 3 4 |  4.6
Armour         | 1 2 3 4 |  4.6
Shields        | 1 2 3 4 |  4.6
Unarmed Combat | 1 2 3 4 |  4.6
Evocations     | 1 2 3 4 |  4.6
Shapeshifting  | 1 2 3 4 |  4.2
Hexes          | 1 2 3 |  3.8
Summonings     | 1 2 3 |  3.8
Necromancy     | 1 2 3 |  3.8
Translocations | 1 2 3 |  3.8
Fire Magic     | 1 2 3 |  3.8
Ice Magic      | 1 2 3 |  3.8
Air Magic      | 1 2 3 |  3.8
Earth Magic    | 1 2 3 |  3.8
Alchemy        | 1 2 3 |  3.8
Dodging        | 5 6 |  6.6
Stealth        | 5 6 |  6.3
Conjurations   | 8 |  8.1

Action                     |  1- 3 |  4- 6 |  7- 9 || total
---------------------------+-------+-------+-------++-------
  Melee: Unarmed           |       |       |     2 ||     2
         Hand axe          |       |       |   127 ||   127
         Bite              |       |       |    14 ||    14
         Punch             |       |       |     2 ||     2
   Cast: Magic Dart        |    44 |    57 |    18 ||   119
         Searing Ray       |     1 |    12 |    27 ||    40
         Iskenderun's Myst |       |       |     2 ||     2
  Evoke: Wand              |       |       |     1 ||     1
    Use: Potion            |       |       |     1 ||     1
   Stab: Sleeping          |       |       |    14 ||    14
 Armour: Robe              |     4 |    16 |   103 ||   123
  Dodge: Dodged            |     4 |    38 |   147 ||   189
